 Dungeon Crawl Stone Soup version 0.29-a0-334-gb41bcbb86e (webtiles) character file.

Game seed: 5566691308889047471

9854 Dauddaud the Impaler (level 11, -11/80 (82) HPs)
             Began as a Minotaur Berserker on Apr 15, 2022.
             Was a High Priest of Trog.
             Mangled by a spectral orc warlord
             ... wielding a +8 long sword of flaming
             ... summoned by Nergalle
              (32 damage)
             ... on level 1 of the Orcish Mines.
             The game lasted 00:32:50 (12681 turns).

Dauddaud the Impaler (Minotaur Berserker)          Turns: 12681, Time: 00:32:51

HP:   -11/80 (82)   AC: 15    Str: 32    XL:     11   Next: 28%
MP:   10/10         EV:  8    Int:  4    God:    Trog [*****.]
Gold: 615           SH:  0    Dex: 10    Spells: 10/10 levels left

rFire   . . .      SeeInvis .   n - +1 halberd (vamp)
rCold   + . .      Faith    .   (shield currently unavailable)
rNeg    . . .      Spirit   .   S - +0 plate armour
rPois   .          Reflect  .   (helmet restricted)
rElec   .          Harm     .   l - +1 cloak
rCorr   .          Rampage  .   D - +0 pair of gloves
Will    .....                   r - +0 pair of boots
Stlth   ..........              (no amulet)
HPRegen 0.23/turn               g - ring "Loxoreh" {rC+ Str+6}
MPRegen 0.12/turn               x - +4 ring of slaying

@: confused, lightly drained
A: horns 2, retaliatory headbutt
a: Renounce Religion, Berserk, Trog's Hand, Brothers in Arms


You were on level 1 of the Orcish Mines.
You worshipped Trog.
Trog was extremely pleased with you.
You visited 2 branches of the dungeon, and saw 10 of its levels.
You also visited: Bailey.

You collected 615 gold pieces.

Inventory:

Hand Weapons
 n - a +1 vampiric halberd (weapon)
 A - a +1 halberd of protection
 V - a +0 dagger
Missiles
 j - a poisoned dart (quivered)
Armour
 l - a +1 cloak (worn)
 r - a +0 pair of boots (worn)
 w - the +2 shield of Resistance {rF++ rC++ Will++}
   (You found it in a bailey)

   rF:        It greatly protects you from fire.
   rC:        It greatly protects you from cold.
   Will:      It greatly increases your willpower.
 C - a scarf of invisibility
 D - a +0 pair of gloves (worn)
 S - a +0 plate armour (worn)
Jewellery
 e - a ring of protection from cold
 g - the ring "Loxoreh" (left hand) {rC+ Str+6}
   (You found it on level 9 of the Dungeon)

   [ring of strength]

   Str:       It affects your strength (+6).
   rC:        It protects you from cold.
 o - a ring of protection from fire
 x - a +4 ring of slaying (right hand)
Wands
 t - a wand of iceblast (25)
 G - a wand of flame (26)
 N - a wand of paralysis (9)
 Q - a wand of acid (7)
Scrolls
 c - 4 scrolls of enchant armour
 f - 2 scrolls of enchant weapon {unknown}
 m - 2 scrolls of blinking
 p - 4 scrolls of fog
 s - 3 scrolls of magic mapping
 y - 7 scrolls of teleportation
 B - a scroll of brand weapon {unknown}
 K - a scroll of summoning {unknown}
 L - 2 scrolls of amnesia {unknown}
 R - a scroll of holy word {unknown}
 T - a scroll of fear {unknown}
 Z - a scroll of vulnerability {unknown}
Potions
 a - 3 potions of mutation {unknown}
 b - a potion of heal wounds {unknown}
 d - a potion of ambrosia {unknown}
 h - 3 potions of flight
 i - a potion of berserk rage {unknown}
 q - a potion of brilliance {unknown}
 u - 2 potions of attraction {unknown}
 v - a potion of invisibility {unknown}
 z - 3 potions of lignification
 E - 3 potions of curing {unknown}
 F - 2 potions of haste {unknown}
 J - 5 potions of magic {unknown}
 O - 5 potions of might {unknown}


   Skills:
 - Level 3.6 Fighting
 - Level 5.3(14.1) Axes
 - Level 5.9(6.9) Maces & Flails
 * Level 19.2(19.4) Polearms
 - Level 2.4 Armour
 - Level 2.1 Dodging


You had 10 spell levels left.
You didn't know any spells.
Your spell library was empty.

Dungeon Overview and Level Annotations

Branches:
Dungeon (9/15)             Temple (0/1) D:7             Orc (1/2) D:9
 Bailey (visited)
   Lair: D:8-11

Altars:
Cheibriados
Dithmenos
Elyvilon
Fedhas
Hepliaklqana
Kikubaaqudgha
Nemelex Xobeh
Qazlal
Sif Muna
Xom
Yredelemnul

Shops:
D:5 *

Annotations:
D:6 1 runed translucent door
Orc:1 Nergalle


Innate Abilities, Weirdness & Mutations

You have a pair of horns on your head.
You reflexively headbutt those who attack you in melee.


Message History

You closely miss the orc warrior.
An orc wizard comes into view. It is wielding a +0 dagger.
An orc comes into view.
It is wielding a +0 short sword and wearing a +0 leather armour of fire resistance.
The orc warrior closely misses you.
You slice the orc warrior!!
The orc warrior is almost dead.
Nergalle casts a spell at you. The bolt of negative energy misses you.
You impale the orc warrior!!
You kill the orc warrior!
Trog accepts your kill.
Nergalle gestures at you while chanting.
Orcish apparitions take form around you.
You completely miss the spectral orc warlord.
You headbutt the spectral orc warlord!
The spectral orc warlord is lightly damaged.
You slash the spectral orc warlord!
The spectral orc warlord is moderately damaged.
The spectral orc warlord hits you with a +8 long sword of flaming!
The spectral orc warlord burns you!
Nergalle points at you and mumbles some strange words.
The bolt of negative energy misses you.
The spectral orc warlord hits you with a +8 long sword of flaming!
The spectral orc warlord burns you!
The orc wizard gestures wildly while chanting.
The orc wizard flickers and vanishes!
Deactivating autopickup; reactivate with Ctrl-A.
The orc wizard gestures at you while chanting.
You are confused.
In your confused state, you trip and fall back down the stairs.
The spectral orc warlord hits you with a +8 long sword of flaming!
You feel drained.
* * * LOW HITPOINT WARNING * * *
The spectral orc warlord burns you.
* * * LOW HITPOINT WARNING * * *
The orc wizard barely misses you.
Okay, then.
You are too confused!
The spectral orc warlord hits you with a +8 long sword of flaming!!
You die...

.. .. # #. ##
.. ##. #.##...
# .. ....#..
#.. #.#.......
#....#.Z.......
#.....@o.o....
#...#.........
#.. #...o#.##..
. ......( #
..#......
............
.........#...
.##.....>..(.#


You could see Nergalle, a spectral orc warlord (summoned), an orc wizard and an
orc.

Vanquished Creatures
  A two-headed ogre (D:8)
  The ghost of dricus the Thrower, a novice GnWn of Gozag (D:8)
  A gargoyle (Bailey)
  An unseen horror (D:8)
  Sigmund (D:8)
  A shadow (D:8)
  A vampire (Bailey)
  12 yaks (D:9)
  2 wyverns (D:9)
  A wraith (D:9)
  A water moccasin (D:8)
  An acid dragon (D:9)
  2 ice beasts
  A black bear (D:6)
  An ogre (D:6)
  7 orc warriors
  3 centaurs
  4 phantoms
  A kobold brigand (D:8)
  2 necrophages
  8 scorpions (D:6)
  5 bullfrogs
  16 killer bees
  8 vampire bats (Bailey)
  9 wolf zombies (Bailey)
  3 howler monkeys
  3 electric eels (D:8)
  2 gnoll shamans
  4 hounds
  3 orc priests
  Crazy Yiuf (D:7)
  3 iguanas
  Ijyb (D:3)
  11 orc wizards
  Natasha (twice) (D:2)
  Robin (D:2)
  14 gnolls
  8 adders
  A river rat (D:3)
  2 shadow imps
  3 white imps
  A worm (D:2)
  3 dart slugs
  23 orcs
  5 ball pythons
  7 bats
  4 endoplasms
  7 giant cockroaches
  12 hobgoblins
  5 jackals (D:4)
  2 quokkas
  A frilled lizard (D:1)
  27 goblins
  8 kobolds
  17 orc zombies (Bailey)
  4 rats
  A spectral orc (D:7)
  A butterfly (D:6)
281 creatures vanquished.

Notes
Turn   | Place    | Note
-------+----------+-------------------------------------------
     0 | D:1      | Dauddaud the Minotaur Berserker began the quest for the
                  | Orb.
     0 | D:1      | Reached XP level 1. HP: 19/19 MP: 0/0
   721 | D:2      | Noticed Robin
   725 | D:1      | Reached XP level 2. HP: 22/26 MP: 1/1
  1032 | D:2      | Reached skill level 5 in Axes
  1035 | D:2      | Killed Robin
  1036 | D:2      | Reached XP level 3. HP: 23/31 MP: 2/2
  1174 | D:2      | Reached skill level 1 in Maces & Flails
  1243 | D:2      | Reached ** piety under Trog
  1377 | D:2      | Noticed Natasha
  1384 | D:2      | Killed Natasha
  1385 | D:2      | Reached XP level 4. HP: 33/39 MP: 3/3
  1495 | D:2      | Noticed Natasha
  1501 | D:2      | Killed Natasha
  1941 | D:2      | Found a faded altar of an unknown god.
  2440 | D:3      | Reached XP level 5. HP: 45/45 MP: 4/4
  2541 | D:3      | Noticed Ijyb
  2554 | D:3      | Killed Ijyb
  2757 | D:3      | Found a glowing drain.
  3364 | D:4      | Reached skill level 5 in Maces & Flails
  3655 | D:4      | Reached XP level 6. HP: 51/51 MP: 5/5
  3681 | D:4      | Reached skill level 2 in Polearms
  4059 | D:4      | Reached skill level 3 in Polearms
  4067 | D:4      | Found a stormy altar of Qazlal.
  4097 | D:4      | Reached *** piety under Trog
  4235 | D:5      | Entered Level 5 of the Dungeon
  4258 | D:5      | Found a sparkling altar of Nemelex Xobeh.
  4277 | D:5      | Reached skill level 4 in Polearms
  4528 | D:5      | Found a shadowy altar of Dithmenos.
  4550 | D:5      | Reached skill level 5 in Polearms
  4550 | D:5      | Reached XP level 7. HP: 57/57 MP: 6/6
  4573 | D:5      | Found an ancient bone altar of Kikubaaqudgha.
  4684 | D:5      | Found Ykijox's Assorted Antiques.
  4817 | D:5      | Reached skill level 6 in Polearms
  5397 | D:6      | Reached skill level 7 in Polearms
  5548 | D:6      | Found a hazy altar of Hepliaklqana.
  5651 | D:6      | Reached skill level 8 in Polearms
  5897 | D:6      | Reached XP level 8. HP: 56/64 MP: 7/7
  6177 | D:6      | Reached skill level 9 in Polearms
  6188 | D:6      | Found a runed translucent door.
  6190 | D:6      | Found a runed translucent door.
  6207 | D:6      | Reached skill level 10 in Polearms
  6226 | D:6      | Reached skill level 11 in Polearms
  6954 | D:7      | Reached XP level 9. HP: 70/70 MP: 8/8
  7051 | D:7      | Identified the +1 whip of the Chewing Butterfly {drain,
                  | Int+5}
  7082 | D:7      | Reached skill level 12 in Polearms
  7321 | D:7      | Found a staircase to the Ecumenical Temple.
  7412 | D:7      | Found a basalt altar of Yredelemnul.
  7701 | D:7      | Found a runed translucent door.
  7702 | D:7      | Noticed Crazy Yiuf
  7803 | D:7      | Killed Crazy Yiuf
  8028 | D:8      | Noticed a two-headed ogre
  8033 | D:8      | Killed a two-headed ogre
  8034 | D:8      | Reached skill level 13 in Polearms
  8362 | D:8      | Noticed Sigmund
  8366 | D:8      | Killed Sigmund
  8367 | D:8      | Reached skill level 14 in Polearms
  8469 | D:8      | Found a runed translucent gate.
  8794 | D:8      | Found a runed translucent gate.
  8794 | D:8      | Found a runed translucent gate.
  8799 | D:8      | Noticed dricus's ghost (novice GnWn)
  8856 | D:8      | Reached skill level 15 in Polearms
  8868 | D:8      | Killed an unseen horror
  8869 | D:8      | Reached XP level 10. HP: 43/77 MP: 9/9
 10428 | D:8      | Killed dricus's ghost
 10430 | D:8      | Reached skill level 16 in Polearms
 10602 | D:9      | Found a blossoming altar of Fedhas.
 10602 | D:9      | Found a shimmering altar of Xom.
 10623 | D:9      | Identified the ring "Loxoreh" {rC+ Str+6}
 10821 | D:9      | Found a flagged portal.
 10834 | Bailey   | Entered a bailey
 10918 | Bailey   | Noticed a gargoyle
 10923 | Bailey   | Killed a gargoyle
 11031 | Bailey   | Reached skill level 17 in Polearms
 11295 | Bailey   | Found the +2 shield of Resistance {rF++ rC++ Will++}
 11634 | D:9      | Reached skill level 18 in Polearms
 11649 | D:9      | Reached **** piety under Trog
 11653 | D:9      | Reached XP level 11. HP: 64/82 MP: 10/10
 12142 | D:9      | Found a white marble altar of Elyvilon.
 12209 | D:9      | Found a snail-covered altar of Cheibriados.
 12344 | D:9      | Reached ***** piety under Trog
 12345 | D:9      | Reached skill level 19 in Polearms
 12456 | D:9      | Found a shimmering blue altar of Sif Muna.
 12527 | D:9      | Found a staircase to the Orcish Mines.
 12539 | Orc:1    | Entered Level 1 of the Orcish Mines
 12539 | Orc:1    | Noticed Nergalle
 12677 | Orc:1    | Noticed a spectral orc warlord
 12681 | Orc:1    | Mangled by a spectral orc warlord

Illustrated notes

Levels and vault maps discovered:
D:1:      eino_arrival_water_cross, layout_loops_cross
D:2:      cheibrodos_greedy_goblins, layout_basic,
          shapermc_ecumenical_altar_mp_vishouse, moated_statue, uniq_natasha,
          uniq_robin
D:3:      layout_basic, gup_sewer_entry_spiral, patterned_corridor, uniq_ijyb
D:4:      layout_loops_ring, lemuel_tele_altar, corexii_checkpoint_a
D:5:      layout_loops_cross, mainiacjoe_overflow_brackets,
          grunt_dithmenos_smoke, nemelex_xobeh_ov_fountains_minmay,
          serial_shops, nicolae_diamond_shop, dreamdust_princess_bridge,
          chequers_decorated_corner, chequers_serial_rivers_micro_b,
          chequers_serial_rivers_large_a
D:6:      lemuel_insect_pit, layout_layer_cave, general_overflow_altar,
          chequers_jeans
D:7:      layout_loops_ring, yredelemnul_forgotten_temple_becter,
          minmay_temple_entry_tees, minivault_5, uniq_crazy_yiuf_cottage
D:8:      layout_basic, gammafunk_ghost_spectres, minivault_14,
          grunt_ministairs_8, hex_intersection, st_stairs_10, sigmund_army
D:9:      layout_long_grid, nicolae_sif_muna_little_library,
          mainiacjoe_overflow_alcove_1, mainiacjoe_overflow_catwalk,
          grunt_temple_overflow_open, david_orc_4, enter_bailey_5
Orc:1:    layout_caves, basic_altar, enter_volcano_2, uniq_jorgrun,
          uniq_nergalle

Skill      XL: |  1  2  3  4  5  6  7  8  9 10 11 |
---------------+----------------------------------+-----
Axes           | 4 5 |  5.3
Maces & Flails | 2 4 5 |  5.9
Polearms       | 5 8 11 15 18 19 | 19.2
Fighting       | |  3.6
Armour         | |  2.4
Dodging        | |  2.1

Action                   |  1- 3 |  4- 6 |  7- 9 | 10-12 || total
-------------------------+-------+-------+-------+-------++-------
Melee: Hand axe          |    28 |       |       |       ||    28
       Headbutt          |     7 |    27 |    32 |    41 ||   107
       Flail             |    23 |    76 |       |       ||    99
       Halberd           |       |    84 |   221 |   240 ||   545
Throw: Dart              |       |       |     4 |     6 ||    10
Invok: Berserk           |     1 |     2 |     6 |     7 ||    16
       Trog's Hand       |       |     2 |     3 |     9 ||    14
Evoke: Wand              |       |       |     1 |       ||     1
  Use: Scroll            |       |     5 |     2 |     2 ||     9
Armor: Ring mail         |    20 |    10 |       |       ||    30
       Animal skin       |     1 |       |       |       ||     1
       Scale mail        |       |    58 |     1 |       ||    59
       Chain mail        |       |       |    77 |       ||    77
       Plate armour      |       |       |    53 |   163 ||   216
Dodge: Dodged            |    47 |    96 |    69 |    97 ||   309

Table legend: (Time is in decaauts)
 A = Elapsed time spent in this place.
 B = Non-inter-level travel time spent in this place.
 C = Inter-level travel time spent in this place.
 D = Time resting spent in this place.
 E = Time spent auto-exploring this place.
 F = Levels seen in this place.
 G = Mean time per level.
                   A        B        C        D        E       F      G
               +--------+--------+--------+--------+--------+-----+--------+
         Total |  12891 |  12542 |    349 |   3339 |   7248 |  11 | 1171.9 |
       Dungeon |  12375 |  12026 |    349 |   3271 |   6966 |   9 | 1375.0 |
  Orcish Mines |     14 |     14 |      0 |      0 |      0 |   1 |   14.0 |
        Bailey |    501 |    501 |      0 |     67 |    282 |   1 |  501.0 |
               +--------+--------+--------+--------+--------+-----+--------+

Top non-repeatable levels by time:
     D:8: 2535 daAuts
     D:6: 1654 daAuts
     D:9: 1635 daAuts
     D:2: 1387 daAuts
     D:7: 1152 daAuts
     D:1: 1036 daAuts
     D:5: 1034 daAuts
     D:4: 981 daAuts
     D:3: 958 daAuts
  Bailey: 501 daAuts
   Orc:1: 14 daAuts
